 Dungeon Crawl Stone Soup version 0.28.0-43-g3370ac3207 (webtiles) character file.

Game seed: 728617017904593281

81 pkoi the Chiller (level 4, 0/33 HPs)
             Began as a Demigod Ice Elementalist on Mar 30, 2022.
             Slain by a water moccasin zombie (5 damage)
             ... on level 3 of the Dungeon.
             The game lasted 00:03:31 (3026 turns).

pkoi the Chiller (Demigod Ice Elementalist)         Turns: 3026, Time: 00:03:32

Health: 0/33       AC:  3    Str:  9    XL:     4   Next: 0%
Magic:  9/9        EV: 12    Int: 21    God:
Gold:   76         SH:  0    Dex: 14    Spells: 2/6 levels left

rFire   . . .      SeeInvis .   c - +3 mace
rCold   . . .      Faith    .   (no shield)
rNeg    . . .      Spirit   .   a - +1 robe
rPois   .          Reflect  .   (no helmet)
rElec   .          Harm     .   (no cloak)
rCorr   +          Rampage  .   (no gloves)
Will    .....                   (no boots)
Stlth   ++........              (no amulet)
HPRegen 0.11/turn               e - ring of resist corrosion
MPRegen 0.11/turn               (no ring)

@: no status effects
A: high MP 1, forlorn, divine attributes
a: no special abilities


You were on level 3 of the Dungeon.
You visited 1 branch of the dungeon, and saw 3 of its levels.

You collected 76 gold pieces.

Inventory:

Hand Weapons
 b - a +0 short sword
 c - a +3 mace (weapon)
 g - a +2 short sword of venom
 j - a +2 rapier of draining
Missiles
 i - 5 datura-tipped darts
Armour
 a - a +1 robe (worn)
Jewellery
 e - a ring of resist corrosion (left hand)
Potions
 d - a potion of magic
 f - 3 potions of degeneration {unknown}
 h - a potion of heal wounds


   Skills:
 - Level 1.7 Dodging
 - Level 1.7 Stealth
 - Level 1.7 Spellcasting
 + Level 5.2 Ice Magic


You had 2 spell levels left.
You knew the following spells:

 Your Spells              Type           Power      Damage    Failure   Level
a - Freeze                Ice            92%        1d10      1%          1
b - Frozen Ramparts       Ice            46%        1d6       5%          3

Your spell library contained the following spells:

 Spells                   Type           Power      Damage    Failure   Level
 Ozocubu's Armour         Ice            23%        N/A       5%          3
 Inner Flame              Hex/Fire       1%         N/A       41%         3
 Hailstorm                Conj/Ice       12%        3d5       45%         4
 Cause Fear               Hex            0%         N/A       83%         4
 Discord                  Hex            0%         N/A       100%        8


Dungeon Overview and Level Annotations

Branches:
Dungeon (3/15)

Annotations:
D:3 1 runed translucent door


Innate Abilities, Weirdness & Mutations

You have an increased reservoir of magic. (+10% MP)
You shall have no god before yourself.
Your divine heritage dramatically boosts your attributes as you level up.


Message History

You closely miss the water moccasin zombie.
The water moccasin zombie bites you.
You barely miss the water moccasin zombie.
The water moccasin zombie barely misses you.
The water moccasin zombie closely misses you.
You hit the water moccasin zombie.
The water moccasin zombie is lightly damaged.
The water moccasin zombie closely misses you. x2
You hit the water moccasin zombie.
The water moccasin zombie is lightly damaged.
The water moccasin zombie bites you.
You hit the water moccasin zombie.
The water moccasin zombie is moderately damaged.
The water moccasin zombie bites you.
* * * LOW HITPOINT WARNING * * *
The water moccasin zombie bites you.
* * * LOW HITPOINT WARNING * * *
You thump the water moccasin zombie!
The water moccasin zombie is heavily damaged.
The water moccasin zombie bites you.
* * * LOW HITPOINT WARNING * * *
The water moccasin zombie bites you.
* * * LOW HITPOINT WARNING * * *
You barely miss the water moccasin zombie.
The water moccasin zombie is heavily damaged.
The water moccasin zombie bites you!
* * * LOW HITPOINT WARNING * * *
You closely miss the water moccasin zombie.
The water moccasin zombie is heavily damaged.
The water moccasin zombie bites you.
* * * LOW HITPOINT WARNING * * *
The water moccasin zombie closely misses you.
You barely miss the water moccasin zombie.
The water moccasin zombie is heavily damaged.
The water moccasin zombie misses you. x2
You sock the water moccasin zombie!
The water moccasin zombie is severely damaged.
The water moccasin zombie completely misses you.
The water moccasin zombie bites you.
You die...

.. .. #.......#.##.# ....
..................# ....
....##.......#..###
...##............#...# .....
.....#......<..#..#.# .....
#............##.##.## ......
###.....##.... #.##..# ......
#............####.###.#
......##....Z@...#...........#
.##......#...#................
..............#.#.....†.......
#..>.......#..................
......##..####..............#.
.......#..####..#...........#.
................[...........#.
.......##.##.##.............##
.......#..#...###...........#


You could see a water moccasin zombie.

Vanquished Creatures
  Terence (D:3)
  2 adders
  2 ball pythons (D:1)
  2 giant cockroaches (D:1)
  2 goblins (D:1)
  2 hobgoblins
  7 jackals (D:1)
  4 quokkas
  4 bats
  2 frilled lizards (D:1)
  5 kobolds
  3 rats
36 creatures vanquished.

Notes
Turn   | Place    | Note
-------+----------+-------------------------------------------
     0 | D:1      | pkoi the Demigod Ice Elementalist began the quest for the
                  | Orb.
     0 | D:1      | Reached XP level 1. HP: 14/14 MP: 5/5
   359 | D:1      | Reached skill level 4 in Ice Magic
   515 | D:1      | Reached XP level 2. HP: 20/20 MP: 2/7
  1876 | D:2      | Reached XP level 3. HP: 26/26 MP: 3/8
  1883 | D:2      | Learned a level 3 spell: Frozen Ramparts
  2690 | D:3      | Found a runed translucent door.
  2864 | D:3      | Noticed Terence
  2878 | D:3      | Killed Terence
  2879 | D:3      | Reached skill level 5 in Ice Magic
  2879 | D:3      | Reached XP level 4. HP: 10/33 MP: 3/9
  3026 | D:3      | Slain by a water moccasin zombie

Illustrated notes

Levels and vault maps discovered:
D:1:      dpeg_arrival_fog, layout_loops_ring, patterned_corridor
D:2:      layout_loops_ring, shapermc_ecumenical_altar_mp_ritualfount,
          serial_rivers, chequers_serial_rivers_micro_a,
          chequers_serial_rivers_large_a, chequers_serial_rivers_micro_a,
          chequers_serial_rivers_micro_c, chequers_serial_rivers_large_b
D:3:      layout_rooms, ebering_ghost_reflecting_pool,
          amcnicky_mini_corridor_feature, uniq_terence

Skill      XL: |  1  2  3 |
---------------+----------+-----
Ice Magic      | 4 5 |  5.2
Dodging        | |  1.7
Stealth        | |  1.7
Spellcasting   | |  1.7

Action                   |  1- 3 |  4- 6 || total
-------------------------+-------+-------++-------
Melee: Unarmed           |    12 |       ||    12
       Mace              |    22 |    11 ||    33
Throw: Dart              |     3 |       ||     3
 Cast: Freeze            |    49 |       ||    49
       Frozen Ramparts   |     1 |       ||     1
  Use: Scroll            |     7 |       ||     7
       Potion            |       |     1 ||     1
Armor: Robe              |    20 |     1 ||    21
Dodge: Dodged            |    61 |     9 ||    70
